AoeStats
← TheQuietRiot

Arabia

508522511Analyzed
1v1 RM · 9d ago on Sep 22, 2026· 22m 45s· 2 players
Game mode
Random Map
Map size
Tiny (2 player)
Population
200
Speed
Normal
Resources
Standard
Victory
Conquest
Starting age
Dark Age
Ending age
Imperial Age
RankedLock teamsTeams togetherTeam positionsShared explorationLock speedFull tech treeHidden civsTurbo modeCheats
Victory
Defeat
🇺🇸 Malay · United States
936
+17
🇬🇧 Random · United Kingdom
956
-17
YourWinslow
10:49 Feudal Age
12:17 Loom
15:58 Castle Age
16:46 Forging
TheQuietRiot
11:00 Feudal Age
9:49 Loom
11:29 Double-Bit Axe
13:31 Horse Collar
18:23 Castle Age
17:17 Gold Mining
Connection lost

Rejoining the realm…

Still unreachable

The connection could not be restored.

Session expired

The server has moved on; the page needs a fresh start.